 Dungeon Crawl Stone Soup version 0.24.0-13-gcf9b3192b9 (webtiles) character file.

Game seed: 9950050510163413647, levelgen mode: deterministic

65 Ponchio the Skirmisher (level 4, 0/45 HPs)
             Began as a Gargoyle Fighter on Nov 10, 2019.
             Slain by Grinder (3 damage)
             ... on level 2 of the Dungeon.
             The game lasted 00:05:09 (1868 turns).

Ponchio the Skirmisher (Gargoyle Fighter)           Turns: 1868, Time: 00:05:09

Health: 0/45       AC: 22    Str: 25    XL:     4   Next: 14%
Magic:  4/4        EV:  2    Int:  8    God:
Gold:   154        SH: 10    Dex: 15    Spells: 3/3 levels left

rFire    . . .     SeeInvis .   n - +0 whip (curse)
rCold    . . .     Gourm    .   c - +0 shield
rNeg     + + +     Faith    .   (armour currently unavailable)
rPois    ∞         Spirit   .   (helmet currently unavailable)
rElec    .         Reflect  .   (cloak currently unavailable)
rCorr    .         Harm     .   (gloves currently unavailable)
MR       .....     NoTele   +   (boots currently unavailable)
Stlth    ++........             (no amulet)
HPRegen  0.15/turn              (no ring)
MPRegen  0.09/turn              (no ring)

@: mighty, agile, tree-form
A: negative energy resistance 1, petrification resistance, rot immunity, AC +3
a: no special abilities


You were on level 2 of the Dungeon.
You were very hungry.
You were a tree.
You visited 1 branch of the dungeon, and saw 3 of its levels.

You collected 154 gold pieces.

Inventory:

Hand Weapons
 a - a +0 flail
 n - a cursed +0 whip (weapon)
Armour
 b - a +0 scale mail
 c - a +0 shield (worn)
 i - a +0 helmet (melded)
 j - a +0 ring mail (melded)
Jewellery
 h - an uncursed ring of positive energy {unknown}
Scrolls
 e - a scroll of immolation {unknown}
 g - a scroll of enchant armour {unknown}
 k - a scroll of identify {unknown}
 l - a scroll of enchant weapon {unknown}
Comestibles
 f - 2 rations


   Skills:
 + Level 4.4 Fighting
 + Level 3.3 Maces & Flails
 - Level 3.2 Armour
 - Level 3.2 Shields


You had 3 spell levels left.
You didn't know any spells.
Your spell library was empty.

Dungeon Overview and Level Annotations

Branches:
Dungeon (3/15)

Altars:
Fedhas

Annotations:
D:2 Grinder


Innate Abilities, Weirdness & Mutations

You are resistant to torment.
((Your stone body is resilient. (AC +3)))
You are immune to poison.
You resist negative energy. (rN+)
((You are resistant to electric shocks. (rElec)))
((You can survive without breathing.))
You are immune to petrification.
You are immune to rotting.


Message History

* * * LOW HITPOINT WARNING * * *
You block the adder's attack.
It was a potion of lignification.
You turn into a tree.
Your +0 helmet melds into your body.
Your +0 ring mail melds into your body.
Your roots penetrate the ground.
The adder bites you but does no damage. You block Grinder's attack.
The adder bites you but does no damage.
It was a potion of agility.
You feel agile all of a sudden. Grinder hits you but does no damage.
The adder bites you but does no damage.
You feel very mighty all of a sudden. Grinder hits you but does no damage.
The adder bites you.
* * * LOW HITPOINT WARNING * * *
You thrash the adder!!
You kill the adder!
You have reached level 4!
You feel stronger. Grinder hits you.
* * * LOW HITPOINT WARNING * * *
Grinder hits you.
You die...

#.....5......#..........
#............#..♣.♣.....
#............#..♣.♣.....
###............#..♣.♣.....
#....(....§....#..........
#.....)######'##..........
#......# #.............
#......######.♣.♣.........
#....>..5♣†...............
##############♣.♣.########
########....#
#......+♣.♣.#
#.######....# #.# #♣.♣.###
#.######...÷..#
#......'♣.♣...#
#.#.####......#


You could see Grinder.

Vanquished Creatures
  2 adders (D:2)
  2 worms (D:2)
  3 dart slugs
  A leopard gecko (D:1)
  2 giant cockroaches (D:1)
  4 goblins (D:2)
  5 hobgoblins
  2 jackals (D:2)
  A ball python (D:1)
  5 bats
  6 kobolds
  A rat (D:2)
34 creatures vanquished.

Notes
Turn   | Place    | Note
-------+----------+-------------------------------------------
     0 | D:1      | Ponchio the Gargoyle Fighter began the quest for the Orb.
     0 | D:1      | Reached XP level 1. HP: 14/14 MP: 1/1
   109 | D:1      | Reached XP level 2. HP: 19/19 MP: 2/2
   683 | D:2      | HP: 1/20 [worm (7)]
  1132 | D:2      | Reached XP level 3. HP: 24/24 MP: 3/3
  1134 | D:2      | Reached skill level 4 in Fighting
  1158 | D:2      | Found a blossoming altar of Fedhas.
  1801 | D:3      | Noticed Grinder
  1804 | D:3      | Paralysed by Grinder for 7 turns
  1868 | D:2      | Reached XP level 4. HP: 5/30 MP: 4/4
  1868 | D:2      | Slain by Grinder

Levels and vault maps discovered:
D:1:      dpeg_arrival_tiny_b, layout_loops_cross
D:2:      layout_basic, fedhas_ov_isle_minmay, first_ration, serial_forest,
          infiniplex_forest_clump_small, infiniplex_forest_3_way,
          infiniplex_forest_end_3, infiniplex_forest_straight_1,
          infiniplex_forest_lined_ring, infiniplex_forest_lined_3,
          infiniplex_forest_lined_room_2, infiniplex_forest_clump_curved,
          infiniplex_forest_lined_2
D:3:      layout_basic, ebering_ghost_sewer_d, uniq_grinder

Skill      XL: |  1  2  3 |
---------------+----------+-----
Fighting       | 4 |  4.4
Maces & Flails | 3 |  3.3
Armour         | |  3.2
Shields        | |  3.2

Action                   |  1- 3 |  4- 6 || total
-------------------------+-------+-------++-------
Melee: Flail             |    85 |       ||    85
       Whip              |   101 |       ||   101
  Use: Potion            |     3 |       ||     3
  Eat: Chunk             |     2 |       ||     2
Armor: Scale mail        |    25 |       ||    25
       Ring mail         |    98 |       ||    98
       Skin              |     5 |       ||     5
Dodge: Dodged            |    76 |       ||    76
Block: Shield            |    81 |       ||    81
